 Dungeon Crawl Stone Soup version 0.23-a0-554-gd3cbc84 (webtiles) character file.

417566 Inarius the Shatterer (level 23, -1/196 HPs)
             Began as a Barachi Wanderer on Dec 6, 2018.
             Was the Champion of Okawaru.
             Slain by a golden dragon (23 damage)
             ... on level 4 of the Depths on Dec 10, 2018.
             The game lasted 02:32:13 (62802 turns).

Inarius the Shatterer (Barachi Wanderer)           Turns: 62802, Time: 02:32:14

Health: -1/196     AC: 35    Str: 34      XL:     23   Next: 64%
Magic:  32/32      EV: 12    Int: 15 (18) God:    Okawaru [******]
Gold:   4539       SH: 24    Dex: 16      Spells: 29/32 levels left

rFire    . . .     SeeInvis +   e - +9 eveningstar (crush)
rCold    . . .     Gourm    .   H - +0 large shield
rNeg     + + .     Faith    .   X - +8 plate armour of the Invisible Hand {Int+4 Dex+4}
rPois    +         Spirit   .   D - +0 hat "Fiaced" {Str+4}
rElec    +         Reflect  .   b - +0 cloak "Haffaps" {Slay+6}
rCorr    .         Harm     .   l - +2 pair of gloves of Ithapsah {rPois rF- Str+8 SInv}
MR       ++++.     Clarity  +   (no boots)
Stlth    ..........             M - amulet of the Four Winds {rN+ MR+++ Clar}
HPRegen  0.42/turn              i - ring of positive energy
MPRegen  0.23/turn              V - ring of protection from fire

@: slow
A: +LOS, swims, icy blue scales 1, thin metallic scales 1, electricity
resistance, slowness 1, strong legs 2
}: 2/15 runes: decaying, gossamer
a: Hop, Heroism, Finesse, Renounce Religion


You were on level 4 of the Depths.
You worshipped Okawaru.
Okawaru was exalted by your worship.
You were not hungry.

You visited 9 branches of the dungeon, and saw 42 of its levels.
You also visited: Gauntlet and Ice Cave.

You collected 5682 gold pieces.
You spent 1143 gold pieces at shops.

Inventory:

Hand Weapons
 c - a +9 demon whip of flaming
 e - a +9 eveningstar of crushing (weapon)
Missiles
 a - 5 throwing nets
 I - 10 silver javelins
 R - 25 javelins of penetration
 S - 17 poisoned javelins (quivered)
Armour
 b - the +0 cloak "Haffaps" (worn) {Slay+6}
   (Okawaru gifted it to you on level 4 of the Vaults)

   It affects your accuracy and damage with ranged weapons and melee attacks
   (+6).
 l - the +2 pair of gloves of Ithapsah (worn) {rPois rF- Str+8 SInv}
   (Okawaru gifted it to you in an ice cave)

   It affects your strength (+8).
   It makes you vulnerable to fire.
   It protects you from poison.
   It lets you see invisible.
 t - a scarf of spirit shield
 D - the +0 hat "Fiaced" (worn) {Str+4}
   (You acquired it on level 1 of the Vaults)

   It affects your strength (+4).
 H - a +0 large shield (worn)
 X - the +8 plate armour of the Invisible Hand (worn) {Int+4 Dex+4}
   (Okawaru gifted it to you on level 2 of the Lair of Beasts)

   It affects your intelligence (+4).
   It affects your dexterity (+4).
Jewellery
 i - a ring of positive energy (left hand)
 J - the brooch of Shielding {Reflect SH+8}
   (You found it in a Gauntlet)

   [amulet of reflection]

   It shields you and reflects attacks.
   It affects your SH (+8).
 M - the amulet of the Four Winds (around neck) {rN+ MR+++ Clar}
   (You took it off a minotaur in a Gauntlet)

   [amulet of nothing]

   It protects you from negative energy.
   It affects your resistance to hostile enchantments.
   It protects you against confusion.
 V - a ring of protection from fire (right hand)
Wands
 n - a wand of enslavement (11)
 w - a wand of digging (6)
 z - a wand of acid (30)
 Q - a wand of paralysis (22)
 U - a wand of scattershot (13)
 Y - a wand of iceblast (14)
 Z - a wand of clouds (2)
Scrolls
 g - 6 scrolls of immolation
 j - 12 scrolls of teleportation
 k - a scroll of blinking
 o - 9 scrolls of fog
 q - a scroll of silence
 u - 8 scrolls of enchant armour
 y - 10 scrolls of remove curse
 C - 3 scrolls of holy word
 G - 8 scrolls of fear
 K - a scroll of summoning
 P - 5 scrolls of identify
 W - 2 scrolls of magic mapping
Potions
 f - 2 potions of heal wounds
 h - 4 potions of haste
 m - 3 potions of invisibility
 p - 15 potions of curing
 r - 3 potions of resistance
 v - 4 potions of mutation
 x - 6 potions of might
 A - 3 potions of brilliance
 B - a potion of berserk rage
 F - 3 potions of agility
 L - 3 potions of magic
 O - 6 potions of ambrosia
Miscellaneous
 s - 5 sacks of spiders
 N - a phial of floods
 T - a lightning rod (4/4)
Comestibles
 d - 77 rations
 E - 9 chunks of flesh


   Skills:
 + Level 19.9 Fighting
   Level 0.7 Short Blades
 * Level 23.2(23.3) Maces & Flails
   Level 2.1(16.1) Staves
 + Level 5.7 Throwing
 + Level 17.7 Armour
 + Level 7.1 Dodging
 - Level 1.0 Stealth
 + Level 17.4 Shields
 * Level 5.1 Spellcasting
 * Level 5.4 Charms
 * Level 4.3 Necromancy
 + Level 12.0 Invocations
 + Level 11.7 Evocations


You had 29 spell levels left.
You knew the following spells:

 Your Spells              Type           Power        Failure   Level  Hunger
a - Regeneration          Chrm/Necr      ###.......   56%         3    ###....

Your spell library contained the following spells:

 Spells                   Type           Power        Failure   Level  Hunger
 Infusion                 Chrm           ###.         19%         1    None
 Animate Skeleton         Necr           N/A          28%         1    None
 Pain                     Necr           ###.         28%         1    None
 Song of Slaying          Chrm           ###.....     28%         2    ##.....
 Corpse Rot               Necr           N/A          41%         2    ##.....
 Sublimation of Blood     Necr           ###.......   41%         2    ##.....
 Shroud of Golubria       Chrm/Tloc      ##........   65%         2    ##.....
 Vampiric Draining        Necr           ###.......   65%         3    ###....
 Beastly Appendage        Tmut           #.....       86%         1    None
 Confusing Touch          Hex            #.....       86%         1    None
 Corona                   Hex            #......      86%         1    None
 Flame Tongue             Conj/Fire      #....        86%         1    None
 Magic Dart               Conj           #...         86%         1    None
 Sting                    Conj/Pois      #...         86%         1    None
 Summon Butterflies       Summ           #.......     86%         1    None
 Spectral Weapon          Hex/Chrm       ##......     86%         3    ###....
 Ensorcelled Hibernation  Hex/Ice        #.....       95%         2    ##.....
 Poisonous Vapours        Pois/Air       #.....       95%         2    ##.....
 Searing Ray              Conj           #.....       95%         2    ##.....
 Slow                     Hex            #.......     95%         2    ##.....
 Sticks to Snakes         Tmut           #.......     95%         2    ##.....
 Throw Flame              Conj/Fire      #.....       95%         2    ##.....
 Throw Frost              Conj/Ice       #.....       95%         2    ##.....
 Animate Dead             Necr           N/A          96%         4    ####...
 Call Canine Familiar     Summ           #.......     99%         3    ###....
 Confuse                  Hex            #.......     99%         3    ###....
 Conjure Flame            Conj/Fire      #.......     99%         3    ###....
 Dazzling Spray           Conj/Hex       #.....       99%         3    ###....
 Gell's Gravitas          Tloc           #.........   99%         3    ###....
 Ignite Poison            Fire/Tmut/Pois #.......     99%         3    ###....
 Inner Flame              Hex/Fire       #.......     99%         3    ###....
 Mephitic Cloud           Conj/Pois/Air  #.......     99%         3    ###....
 Portal Projectile        Hex/Tloc       #.....       99%         3    ###....
 Recall                   Summ/Tloc      N/A          99%         3    ###....
 Spider Form              Tmut/Pois      #.........   99%         3    ###....
 Static Discharge         Conj/Air       #.......     99%         3    ###....
 Stone Arrow              Conj/Erth      #.....       99%         3    ###....
 Cause Fear               Hex            #.........   100%        4    ####...
 Force Lance              Conj/Tloc      #.......     100%        4    ####...
 Fulminant Prism          Conj/Hex       #.........   100%        4    ####...
 Ice Form                 Ice/Tmut       #.......     100%        4    ####...
 Iskenderun's Mystic Bla  Conj           #.......     100%        4    ####...
 Leda's Liquefaction      Hex/Erth       #.........   100%        4    ####...
 Olgreb's Toxic Radiance  Pois           #.......     100%        4    ####...
 Petrify                  Tmut/Erth      #.......     100%        4    ####...
 Sticky Flame             Conj/Fire      #.......     100%        4    ####...
 Summon Ice Beast         Ice/Summ       #.......     100%        4    ####...
 Agony                    Necr           ###.....     100%        5    ######.
 Alistair's Intoxication  Tmut/Pois      #.......     100%        5    ######.
 Blade Hands              Tmut           #.........   100%        5    ######.
 Bolt of Draining         Conj/Necr      ##........   100%        5    ######.
 Bolt of Magma            Conj/Fire/Erth #.........   100%        5    ######.
 Borgnjor's Vile Clutch   Necr/Erth      ##........   100%        5    ######.
 Dispel Undead            Necr           ###.....     100%        5    ######.
 Excruciating Wounds      Chrm/Necr      ###.......   100%        5    ######.
 Fireball                 Conj/Fire      #.........   100%        5    ######.
 Iskenderun's Battlesphe  Conj/Chrm      ##......     100%        5    ######.
 Lightning Bolt           Conj/Air       #.........   100%        5    ######.
 Metabolic Englaciation   Hex/Ice        #.........   100%        5    ######.
 Silence                  Hex/Air        #.........   100%        5    ######.
 Summon Mana Viper        Hex/Summ       #.......     100%        5    ######.
 Venom Bolt               Conj/Pois      #.........   100%        5    ######.
 Yara's Violent Unravell  Hex/Tmut       #.........   100%        5    ######.
 Bolt of Fire             Conj/Fire      #.........   100%        6    #######
 Darkness                 Hex            #.........   100%        6    #######
 Deflect Missiles         Chrm/Air       ##........   100%        6    #######
 Hydra Form               Tmut           #.........   100%        6    #######
 Iron Shot                Conj/Erth      #.........   100%        6    #######
 Shadow Creatures         Summ           N/A          100%        6    #######
 Dragon Form              Tmut           #.........   100%        7    #######
 Orb of Destruction       Conj           #.........   100%        7    #######
 Spellforged Servitor     Conj/Summ      #.........   100%        7    #######
 Summon Hydra             Summ           #.........   100%        7    #######
 Discord                  Hex            #.........   100%        8    #######
 Ignition                 Fire           #.........   100%        8    #######
 Dragon's Call            Summ           #.........   100%        9    #######
 Shatter                  Erth           #.........   100%        9    #######
 Tornado                  Air            #.........   100%        9    #######


Dungeon Overview and Level Annotations

Branches:
Dungeon (15/15)            Temple (1/1) D:7            Lair (6/6) D:8
  Swamp (4/4) Lair:3       Spider (4/4) Lair:3        Slime (0/5) Lair:6
    Orc (2/2) D:12            Elf (2/3) Orc:2        Vaults (4/5) D:13
  Crypt (0/3) Vaults:3     Depths (4/5) D:15

Altars:
Cheibriados
Dithmenos
Elyvilon
Fedhas
Gozag
Hepliaklqana
Kikubaaqudgha
Makhleb
Okawaru
Qazlal
Ru
Sif Muna
Trog
Uskayaw
Xom
Yredelemnul
Zin
The Shining One
Beogh

Shops:
D:6 :   D:10 ?   D:15 *   Orc:2 [*:*   Elf:1 }   Elf:2 }   Depths:2 ==:(*

Portals:
Hell: Depths:1 Depths:2 Depths:3
Abyss: Depths:4
Pandemonium: Depths:3
Ziggurat: Depths:2

Annotations:
D:5 2 transporters
Depths:3 2 transporters, Jawreze's ghost, veteran TrHu


Innate Abilities, Weirdness & Mutations

Shadows flee at your approach. (+LOS)
You can swim through water.
You cover ground slowly.
You can hop long distances.
You are partially covered in icy blue scales. (AC +2)
You are partially covered in thin metallic scales. (AC +2)
You are resistant to electric shocks. (rElec)


Message History

The elephant rages.
You block the spriggan rider's attack.
The spriggan rider hits you from afar with a +0 spear.
The golden dragon breathes cold at you. The bolt of cold hits you!
* * * LOW HITPOINT WARNING * * *
The spriggan rider hits you but does no damage.
You block the spriggan rider's attack. x2; The golden dragon misses you.
The golden dragon claws you but does no damage.
The golden dragon tramples you but does no damage.
Items here: )) [ † a +0 long sword; a +0 leather armour; a +2 great sword of flaming a fire giant corpse You feel much better.
The spriggan berserker rages.
The spriggan rider hits you from afar with a +0 spear.
* * * LOW HITPOINT WARNING * * *
The spriggan rider hits you but does no damage.
You block the spriggan rider's attack. The golden dragon bites you!!
You die...

### ### #.### #.## #
#...# #.. .# #.#.# #.###.
#|#.# #[#.. #.#.# #†#.# #
########.#.# #@#.#.#
........(#.#####iDi#.# ##
....(...(#.....iGYi(.#...
......(..)....∩.c........
...###..............##.##
#.## ###########(L### #
### #''# #...........
#...........


You could see a golden dragon, a lich, an elephant (berserk), a great orb of
eyes, 3 spriggan riders, a spriggan berserker (berserk) and a faun shaped
shifter.

Vanquished Creatures
  The ghost of Gupsidadd the Slayer, a veteran MiBe of Trog (Depths:1)
  Saint Roka (Vaults:1)
  the Lernaean hydra (Swamp:4)
  A caustic shrike (Depths:2)
  An Ice Fiend (Depths:2)
  2 tentacled monstrosities
  A titan (Depths:3)
  A deep elf blademaster (Elf:2)
  3 liches
  A shadow dragon (Depths:3)
  3 sphinxes
  A thorn hunter (Swamp:3)
  3 storm dragons
  Kirke (Spider:4)
  A revenant (Vaults:3)
  4 tengu reavers
  2 fire giants
  3 deep elf sorcerers
  3 orc warlords
  7 frost giants
  5 vault wardens
  4 ghost moths (Spider:4)
  The ghost of Furyh the Grappler, a journeyman TrMo of Cheibriados (Lair:6)
  6 emperor scorpions
  A curse skull (Vaults:3)
  A deep elf elementalist (Elf:2)
  13 stone giants
  8 very ugly things
  A war gargoyle (D:15)
  The ghost of Bain the Black Belt, a journeyman DsGl of Dithmenos (Orc:1)
  9 ironheart preservers
  4 vampire knights
  A deep elf annihilator (Elf:1)
  6 entropy weavers
  2 deep elf demonologists
  2 minotaurs
  6 spark wasps
  5 ettins
  A spark wasp (shapeshifter) (Depths:2)
  2 deep elf death magi
  2 death oozes (Gauntlet)
  A crystal guardian (Vaults:2)
  10 great orbs of eyes
  Harold (D:8)
  7 vault guards
  19 yaktaur captains
  7 fire dragons
  A hydra (shapeshifter) (Orc:1)
  6 rakshasas
  18 hydras
  4 shambling mangroves
  3 spriggan air magi
  A death knight (Vaults:4)
  8 ghost crabs
  2 ice dragons (Depths:3)
  14 centaur warriors
  2 catoblepae
  3 deep troll shamans
  9 ogre magi
  7 tengu warriors
  16 two-headed ogres
  An alligator (shapeshifter) (Depths:2)
  11 alligators
  22 dancing weapons
  5 deep troll earth magi
  5 orc high priests
  5 death yaks
  2 spriggan berserkers
  2 hell knights
  8 spriggans
  17 deep elf knights
  A storm dragon zombie (Vaults:3)
  2 shadow wraiths
  A storm dragon skeleton (Vaults:3)
  An iron troll (Depths:2)
  15 skeletal warriors
  A sea snake (Orc:1)
  8 spriggan druids
  A swamp dragon (shapeshifter) (Depths:3)
  7 deep trolls
  3 unseen horrors
  An orange crystal statue (Depths:1)
  A wizard (Vaults:3)
  13 swamp dragons
  7 glowing orange brains
  5 phantasmal warriors
  3 flayed ghosts
  8 deep elf archers
  7 harpies (Vaults:3)
  4 ironbrand convokers
  21 orc knights
  27 wolf spiders
  3 necromancers
  The ghost of Thaneod the Destroyer, a novice DEIE of Vehumet (D:7)
  19 orb spiders
  44 ugly things
  11 orc sorcerers
  An oklob plant (Lair:4)
  50 deep elf magi
  4 cyclopes
  4 centaur zombies
  A stone giant zombie (Vaults:2)
  A stone giant skeleton (Vaults:1)
  Joseph (D:8)
  17 elephants
  A moth of wrath (Spider:3)
  4 ice statues
  4 apocalypse crabs (Swamp:3)
  3 black mambas
  12 vault sentinels
  3 gargoyles
  29 spiny frogs
  5 torpor snails
  9 komodo dragons
  41 yaktaurs
  A yaktaur skeleton (Vaults:1)
  3 rime drakes
  An efreet (D:15)
  12 demonic crawlers
  An entropy weaver simulacrum (Vaults:2)
  A komodo dragon (shapeshifter) (Depths:3)
  5 tengu conjurers
  8 freezing wraiths
  2 ice devils (Depths:2)
  2 trolls (shapeshifter)
  A wandering mushroom (Swamp:3)
  10 trolls
  A wind drake (shapeshifter) (Depths:2)
  25 jumping spiders
  16 polar bears
  12 tyrant leeches
  31 hornets
  23 blink frogs
  7 dream sheep (Lair:3)
  A hippogriff (shapeshifter) (Elf:1)
  Prince Ribbit (D:8)
  7 bog bodies
  44 slime creatures
  A dream sheep (shapeshifter) (Vaults:3)
  11 hippogriffs
  A raiju (shapeshifter) (D:15)
  An ettin zombie (Vaults:1)
  65 redbacks
  4 shadows
  Sigmund (D:3)
  A vampire (D:13)
  27 tarantellas
  2 air elementals (Elf:2)
  10 water elementals
  2 wyverns
  A spriggan (shapeshifter) (Depths:2)
  A hog (shapeshifter) (Vaults:2)
  42 yaks
  Eustachio (D:6)
  A fire bat (shapeshifter) (Depths:2)
  5 hogs
  3 wraiths
  A basilisk (shapeshifter) (Vaults:3)
  4 basilisks
  A fire elemental (Elf:2)
  38 vampire mosquitoes
  15 swamp worms
  7 insubstantial wisps
  Menkaure (D:6)
  5 acid dragons
  12 wargs
  9 water moccasins
  3 floating eyes (shapeshifter) (Depths:3)
  Duvessa (D:6)
  16 swamp drakes
  11 porcupines
  An ettin simulacrum (Vaults:2)
  47 orc warriors
  6 sky beasts
  3 black bears
  12 ice beasts
  4 phantoms
  2 black bears (shapeshifter) (Vaults:4)
  A necrophage (D:11)
  4 boggarts
  An elf zombie (Vaults:1)
  22 wolves
  23 centaurs
  46 ogres
  11 crocodiles
  Blork the orc (D:6)
  2 human zombies
  5 big kobolds
  25 bullfrogs
  A gnoll sergeant (Orc:1)
  A glowing shapeshifter simulacrum (Vaults:2)
  Dowan (D:6)
  A wyvern skeleton (D:14)
  A human skeleton (Vaults:3)
  An elf simulacrum (Vaults:2)
  11 scorpions
  9 killer bees
  8 wights
  A howler monkey (D:5)
  9 crimson imps
  A quasit (Depths:3)
  2 bullfrog zombies
  24 orc priests
  5 hounds
  3 jellies
  4 bullfrog skeletons
  6 centaur skeletons
  2 gnoll shamans (D:12)
  6 iguanas
  32 orc wizards
  8 worker ants
  2 hound zombies (D:6)
  2 hound skeletons
  A howler monkey zombie (D:11)
  A worker ant zombie (D:5)
  Robin (D:2)
  19 gnolls
  14 adders
  A river rat (D:5)
  3 shadow imps
  A white imp (Depths:2)
  3 oozes
  12 worms
  3 adder skeletons
  An adder zombie (D:6)
  A dart slug (D:3)
  5 leopard geckos
  109 orcs
  A ball python (D:3)
  12 giant cockroaches
  15 goblins
  11 hobgoblins
  2 jackals (D:9)
  8 quokkas
  4 bats
  2 frilled lizards
  2 gnoll zombies (D:5)
  A jackal skeleton (D:5)
  15 kobolds
  A leopard gecko zombie (D:6)
  10 rats
  A bush (Lair:4)
  7 plants
1887 creatures vanquished.

Vanquished Creatures (others)
  A centaur warrior (D:14)
  A spriggan druid (Swamp:3)
  A deep elf archer (Orc:1)
  A slime creature (Swamp:4)
  5 dream sheep (D:4)
  A human (Spider:4)
  A redback (Spider:3)
  An ogre (Vaults:4)
  A centaur (D:13)
  4 bushes (D:9)
  10 fungi
  30 plants
  2 withered plants (D:3)
59 creatures vanquished.

Grand Total: 1946 creatures vanquished

Notes
Turn   | Place    | Note
-------+----------+-------------------------------------------
     0 | D:1      | Inarius the Barachi Wanderer began the quest for the Orb.
     0 | D:1      | Inarius set off with the following items: a +2 scale mail,
                  | a +0 mace, a +0 buckler, a ration
     0 | D:1      | Reached XP level 1. HP: 17/17 MP: 1/1
    49 | D:1      | Reached XP level 2. HP: 18/23 MP: 2/2
   187 | D:1      | Reached skill level 4 in Maces & Flails
   488 | D:1      | Reached XP level 3. HP: 26/28 MP: 3/3
   660 | D:2      | Noticed Robin
   701 | D:2      | Killed Robin
   701 | D:2      | Reached XP level 4. HP: 10/34 MP: 4/4
  1079 | D:2      | Found a stormy altar of Qazlal.
  1215 | D:2      | Reached skill level 1 in Dodging
  1749 | D:3      | Noticed Sigmund
  2750 | D:3      | Killed Sigmund
  2750 | D:3      | Reached skill level 5 in Maces & Flails
  2750 | D:3      | Reached XP level 5. HP: 35/42 MP: 5/5
  2750 | D:3      | Reached XP level 6. HP: 40/48 MP: 6/6
  2808 | D:3      | Found a white marble altar of Elyvilon.
  3131 | D:3      | Found an ancient bone altar of Kikubaaqudgha.
  3370 | D:3      | Found a snail-covered altar of Cheibriados.
  3884 | D:4      | Found a shimmering altar of Xom.
  3884 | D:4      | Noticed a dream sheep
  3884 | D:4      | Noticed a dream sheep
  3884 | D:4      | Noticed a dream sheep
  3884 | D:4      | Noticed a dream sheep
  3884 | D:4      | Noticed a dream sheep
  3888 | D:4      | Killed a dream sheep
  3888 | D:4      | Killed a dream sheep
  3888 | D:4      | Killed a dream sheep
  3889 | D:4      | Killed a dream sheep
  3890 | D:4      | Killed a dream sheep
  3984 | D:4      | Found a glowing golden altar of the Shining One.
  4304 | D:4      | Noticed a phantom
  4306 | D:4      | Found a deep blue altar of Sif Muna.
  4318 | D:4      | Reached skill level 6 in Maces & Flails
  4604 | D:4      | Killed a phantom
  4604 | D:4      | Reached XP level 7. HP: 38/55 MP: 5/7
  4799 | D:4      | Gained mutation: You are partially covered in thin metallic
                  | scales. (AC +2) [potion of mutation]
  4799 | D:4      | Gained mutation: You are partially covered in icy blue
                  | scales. (AC +2) [potion of mutation]
  4799 | D:4      | Gained mutation: You are resistant to electric shocks.
                  | (rElec) [potion of mutation]
  5415 | D:5      | Entered Level 5 of the Dungeon
  5559 | D:4      | Reached skill level 7 in Maces & Flails
  5662 | D:5      | Noticed a meliai
  5710 | D:5      | Reached XP level 8. HP: 32/61 MP: 3/8
  5919 | D:5      | Reached skill level 5 in Armour
  5964 | D:5      | Found a transporter.
  6341 | D:5      | Reached skill level 5 in Fighting
  6363 | D:5      | Found a transporter.
  6421 | D:5      | Found a basalt altar of Yredelemnul.
  6468 | D:5      | Found a glowing silver altar of Zin.
  6931 | D:6      | Noticed Duvessa
  6932 | D:6      | Noticed Dowan
  6941 | D:6      | Killed Duvessa
  6941 | D:6      | Reached skill level 8 in Maces & Flails
  6946 | D:6      | Found Hied's Book Emporium.
  6948 | D:6      | Killed Dowan
  7024 | D:6      | Noticed Menkaure
  7043 | D:6      | Killed Menkaure
  7374 | D:6      | Reached XP level 9. HP: 59/68 MP: 7/9
  7418 | D:6      | Reached skill level 9 in Maces & Flails
  7655 | D:6      | Noticed Eustachio
  7683 | D:6      | Killed Eustachio
  7834 | D:6      | Noticed Blork the orc
  7851 | D:6      | Killed Blork the orc
  7875 | D:6      | Found a blossoming altar of Fedhas.
  7875 | D:6      | Found a sacrificial altar of Ru.
  8493 | D:6      | Reached skill level 10 in Maces & Flails
  8667 | D:7      | Found a runed door.
  8829 | D:7      | Found a hide-covered altar of Uskayaw.
  9018 | D:7      | Found a stormy altar of Qazlal.
  9072 | D:7      | Reached XP level 10. HP: 73/77 MP: 10/10
  9207 | D:7      | Reached skill level 11 in Maces & Flails
  9292 | D:7      | Found a staircase to the Ecumenical Temple.
  9405 | Temple   | Entered the Ecumenical Temple
  9418 | Temple   | Became a worshipper of Warmaster Okawaru
  9533 | D:7      | Noticed Thaneod's ghost (novice DEIE)
  9641 | D:8      | Upgraded the game from 0.23-a0-536-g5e0f5a2 to
                  | 0.23-a0-550-g7de1f8e
  9877 | D:8      | Found a staircase to the Lair.
  9879 | D:8      | Reached skill level 5 in Dodging
  9962 | D:8      | Noticed Harold
  9985 | D:8      | Killed Harold
  9985 | D:8      | Reached * piety under Okawaru
  9985 | D:8      | Reached skill level 12 in Maces & Flails
 10139 | D:8      | Noticed Prince Ribbit
 10149 | D:8      | Killed Prince Ribbit
 10149 | D:8      | Reached skill level 1 in Throwing
 10185 | D:8      | Noticed Joseph
 10206 | D:8      | Killed Joseph
 10682 | D:9      | Got an ancient ring mail
 10707 | D:9      | Identified the cursed +0 ring mail of Good Intentions
                  | {rCorr} (You found it on level 9 of the Dungeon)
 11023 | D:9      | Found a hide-covered altar of Uskayaw.
 11026 | D:9      | Noticed a +0 dagger
 11026 | D:9      | Noticed a +0 dagger
 11174 | D:9      | Reached ** piety under Okawaru
 11195 | D:9      | Reached XP level 11. HP: 79/85 MP: 11/11
 11556 | D:10     | Entered Level 10 of the Dungeon
 11592 | D:10     | Noticed a two-headed ogre
 11601 | D:10     | Paralysed by a hornet for 1 turns
 11616 | D:9      | Paralysed by a hornet for 2 turns
 11623 | D:9      | Reached skill level 13 in Maces & Flails
 11623 | D:9      | Reached skill level 5 in Shields
 11853 | D:10     | Killed a two-headed ogre
 12175 | D:9      | Noticed a six-headed hydra
 12182 | D:9      | Reached *** piety under Okawaru
 12222 | D:9      | Killed a six-headed hydra
 12337 | D:9      | Noticed a fire dragon
 12337 | D:9      | Noticed a tengu warrior
 12408 | D:9      | Noticed a deep elf archer
 12430 | D:9      | Killed a deep elf archer
 12482 | D:9      | Noticed a yaktaur captain
 12509 | D:9      | Killed a yaktaur captain
 12514 | D:9      | Reached **** piety under Okawaru
 12514 | D:9      | Reached skill level 1 in Evocations
 12716 | D:9      | Killed a tengu warrior
 12911 | D:9      | Killed a fire dragon
 12911 | D:9      | Reached skill level 10 in Armour
 13694 | D:10     | Found Doph's Magic Scroll Shop.
 13886 | D:10     | Received a gift from Okawaru
 14057 | D:10     | Noticed a red ugly thing
 14075 | D:10     | Killed a red ugly thing
 14637 | D:11     | Found a gate leading to a gauntlet.
 14686 | Gauntlet | Entered a Gauntlet
 14686 | Gauntlet | Found a transporter.
 14686 | Gauntlet | Found a transporter.
 14856 | Gauntlet | Found a transporter.
 14856 | Gauntlet | Noticed a death ooze
 14864 | Gauntlet | Found a transporter.
 14873 | Gauntlet | Killed a death ooze
 14873 | Gauntlet | Received a gift from Okawaru
 14873 | Gauntlet | Reached skill level 14 in Maces & Flails
 14873 | Gauntlet | Reached XP level 12. HP: 58/96 MP: 12/12
 14921 | Gauntlet | Got a faintly glowing jade ring
 14926 | Gauntlet | Identified the ring "Luywooph" {rElec Stlth+} (You found it
                  | in a Gauntlet)
 15025 | Gauntlet | Noticed a death ooze
 15025 | Gauntlet | Found a transporter.
 15026 | Gauntlet | Found the brooch of Shielding {Reflect SH+8}
 15034 | Gauntlet | Killed a death ooze
 15035 | Gauntlet | Found a transporter.
 15047 | Gauntlet | Noticed a death scarab
 15048 | Gauntlet | Noticed a death scarab
 15051 | Gauntlet | Found a transporter.
 15291 | Gauntlet | Noticed a minotaur
 15307 | Gauntlet | Killed a minotaur
 15313 | Gauntlet | Identified the Handbook of Destiny
 15317 | Gauntlet | Got a pair of distressingly furry gloves
 15439 | Gauntlet | Found a transporter.
 15682 | D:11     | Identified the +0 pair of gloves of the Equator {-Tele
                  | Str-2 SInv Stlth+} (You found it in a Gauntlet)
 15766 | D:11     | Reached ***** piety under Okawaru
 15766 | D:11     | Reached skill level 10 in Fighting
 16684 | D:12     | Found a staircase to the Orcish Mines.
 16724 | D:12     | Received a gift from Okawaru
 16913 | D:12     | Found a frozen archway.
 16943 | IceCv    | Entered an ice cave
 17138 | IceCv    | Gained mutation: You can hop long distances. [Barachi
                  | growth]
 17138 | IceCv    | Reached XP level 13. HP: 89/105 MP: 14/14
 17525 | IceCv    | Received a gift from Okawaru
 17528 | IceCv    | Got a pair of warped gloves {god gift}
 17541 | IceCv    | Identified the +2 pair of gloves of Ithapsah {rPois rF-
                  | Str+8 SInv} (Okawaru gifted it to you in an ice cave)
 17696 | IceCv    | Noticed a frost giant
 17762 | IceCv    | Killed a frost giant
 18768 | D:12     | Reached skill level 15 in Maces & Flails
 18856 | D:12     | Reached ****** piety under Okawaru
 19646 | Lair:1   | Entered Level 1 of the Lair of Beasts
 19887 | Lair:1   | Received a gift from Okawaru
 19922 | Lair:1   | Got a crude flail {god gift}
 19925 | Lair:1   | Identified the +2 flail "Myudir" {drain, *Drain rC++ MR+++
                  | Str+3} (Okawaru gifted it to you on level 1 of the Lair of
                  | Beasts)
 19983 | Lair:1   | You fall through a shaft!
 19997 | Lair:2   | Reached skill level 10 in Shields
 20203 | Lair:1   | You fall through a shaft!
 20707 | Lair:1   | Reached XP level 14. HP: 111/114 MP: 15/15
 21234 | Lair:1   | You fall through a shaft!
 21275 | Lair:2   | Received a gift from Okawaru
 21283 | Lair:2   | Got a bronze plate armour {god gift}
 21303 | Lair:2   | Identified the +8 plate armour of the Invisible Hand {Int+4
                  | Dex+4} (Okawaru gifted it to you on level 2 of the Lair of
                  | Beasts)
 21459 | Lair:2   | Reached skill level 1 in Invocations
 21970 | Lair:3   | Found a staircase to the Swamp.
 22215 | Lair:3   | Found a hole to the Spider Nest.
 22891 | Lair:4   | Found a runed door.
 23223 | Lair:4   | You fall through a shaft!
 23488 | Lair:4   | Found a basalt altar of Yredelemnul.
 23963 | Lair:5   | Reached skill level 16 in Maces & Flails
 24649 | Lair:6   | Entered Level 6 of the Lair of Beasts
 24732 | Lair:6   | Received a gift from Okawaru
 25366 | Lair:6   | Found a runed gate.
 25366 | Lair:6   | Found a runed gate.
 25373 | Lair:6   | Found a runed gate.
 25395 | Lair:6   | Noticed Furyh's ghost (journeyman TrMo)
 25443 | Lair:6   | Reached XP level 15. HP: 122/122 MP: 18/18
 25547 | Lair:6   | Reached skill level 5 in Evocations
 25865 | Lair:6   | Received a gift from Okawaru
 26285 | Lair:6   | Found a staircase to the Slime Pits.
 26606 | Lair:6   | Killed Furyh's ghost
 26944 | Orc:1    | Entered Level 1 of the Orcish Mines
 27001 | Orc:1    | Reached skill level 17 in Maces & Flails
 27099 | Orc:1    | Found a runed door.
 27099 | Orc:1    | Found a shimmering altar of Xom.
 27099 | Orc:1    | Noticed Bain's ghost (journeyman DsGl)
 27140 | Orc:1    | Killed Bain's ghost
 27516 | Orc:1    | Noticed an orc warlord
 27532 | Orc:1    | Killed an orc warlord
 27687 | Orc:1    | Identified the +7 chain mail "Ysuajy" {Int+4 Dex+3 Stlth+}
                  | (You found it on level 1 of the Orcish Mines)
 27726 | Orc:1    | Found a roughly hewn altar of Beogh.
 27901 | Orc:2    | Entered Level 2 of the Orcish Mines
 27901 | Orc:2    | Noticed Urug
 27931 | Orc:1    | Reached skill level 5 in Invocations
 28164 | Orc:1    | Noticed Urug
 28164 | Orc:1    | Urug changed into Urug the swamp worm
 28168 | Orc:1    | Killed Urug the swamp worm
 28729 | Orc:2    | Found a staircase to the Elven Halls.
 28853 | Orc:2    | Found Laryt's General Store.
 28904 | Orc:2    | Received a gift from Okawaru
 28922 | Orc:2    | Reached XP level 16. HP: 88/133 MP: 20/20
 28965 | Orc:2    | Got a shimmering plate armour {god gift}
 28983 | Orc:2    | Identified the +1 plate armour of the Equator {Int+6
                  | Slay-2} (Okawaru gifted it to you on level 2 of the Orcish
                  | Mines)
 29010 | Orc:2    | Found Japageof's General Store.
 29012 | Orc:2    | Found Fut Xeol's Antique Armour Shop.
 29014 | Orc:2    | Found Nantih's Book Shoppe.
 29773 | D:13     | Found a gate to the Vaults.
 30336 | D:14     | Reached skill level 18 in Maces & Flails
 31231 | D:15     | Entered Level 15 of the Dungeon
 31247 | D:15     | Found a huge runed gate.
 31247 | D:15     | Found a huge runed gate.
 31247 | D:15     | Found a huge runed gate.
 31309 | D:15     | Received a gift from Okawaru
 31346 | D:15     | Reached skill level 15 in Armour
 31595 | D:15     | Found Jymais Ufri's Assorted Antiques.
 31606 | D:15     | Reached skill level 15 in Fighting
 31639 | D:15     | Bought a puce potion for 19 gold pieces
 31721 | D:15     | Found a staircase to the Depths.
 31776 | D:15     | Found a huge runed gate.
 31776 | D:15     | Found a huge runed gate.
 31787 | D:15     | Found a huge runed gate.
 31790 | D:15     | Found a huge runed gate.
 31791 | D:15     | Found a huge runed gate.
 31791 | D:15     | Found a huge runed gate.
 31791 | D:15     | Found a huge runed gate.
 31798 | D:15     | Found a huge runed gate.
 31798 | D:15     | Found a huge runed gate.
 31798 | D:15     | Found a huge runed gate.
 31808 | D:15     | Found a huge runed gate.
 31809 | D:15     | Found a huge runed gate.
 31809 | D:15     | Found a huge runed gate.
 31810 | D:15     | Found a huge runed gate.
 31854 | D:15     | Found a huge runed gate.
 31855 | D:15     | Found a huge runed gate.
 31856 | D:15     | Found a huge runed gate.
 31886 | D:15     | Found a huge runed gate.
 31887 | D:15     | Found a huge runed gate.
 31887 | D:15     | Found a huge runed gate.
 31887 | D:15     | Found a huge runed gate.
 31887 | D:15     | Found a huge runed gate.
 31887 | D:15     | Found a huge runed gate.
 31887 | D:15     | Found a huge runed gate.
 31887 | D:15     | Found a huge runed gate.
 31905 | D:15     | Noticed a sphinx
 31905 | D:15     | Noticed a tengu reaver
 31905 | D:15     | Noticed a storm dragon
 31905 | D:15     | Noticed a tengu reaver
 31905 | D:15     | Noticed a sphinx
 31909 | D:15     | Noticed a tengu reaver
 32087 | D:15     | Killed a tengu reaver
 32087 | D:15     | Received a gift from Okawaru
 32493 | D:15     | Killed a storm dragon
 32531 | D:15     | Killed a sphinx
 32531 | D:15     | Reached XP level 17. HP: 139/142 MP: 23/23
 33178 | D:15     | Found a shadowy altar of Dithmenos.
 33302 | D:14     | Killed a sphinx
 33302 | D:14     | Received a gift from Okawaru
 33817 | Spider:1 | Entered Level 1 of the Spider Nest
 33871 | Spider:1 | Reached skill level 19 in Maces & Flails
 34739 | Spider:2 | Received a gift from Okawaru
 37211 | Spider:3 | Identified a scroll of acquirement
 37215 | Spider:3 | Got a brightly glowing bronze amulet
 37216 | Spider:3 | Identified the amulet of Gynoic {Reflect MR- Dex+6 SH+2}
                  | (You acquired it on level 3 of the Spider Nest)
 37239 | Spider:4 | Entered Level 4 of the Spider Nest
 37275 | Spider:3 | Reached skill level 5 in Throwing
 37452 | Spider:4 | Reached XP level 18. HP: 145/152 MP: 24/24
 37717 | Spider:4 | Received a gift from Okawaru
 38112 | Spider:4 | Noticed Kirke
 38195 | Spider:4 | Killed Kirke
 38195 | Spider:4 | Received a gift from Okawaru
 38624 | Spider:4 | Reached skill level 20 in Maces & Flails
 39220 | Spider:4 | Got a gossamer rune of Zot
 39408 | Swamp:1  | Entered Level 1 of the Swamp
 39857 | Swamp:1  | Found a hide-covered altar of Uskayaw.
 40323 | Swamp:2  | Received a gift from Okawaru
 40954 | Swamp:3  | Received a gift from Okawaru
 41002 | Swamp:3  | Got a fine ring mail {god gift}
 41128 | Swamp:3  | Identified the +5 ring mail "Anenlif" {*Contam rPois MR+++
                  | rCorr} (Okawaru gifted it to you on level 3 of the Swamp)
 41264 | Swamp:3  | Reached XP level 19. HP: 117/161 MP: 25/25
 41623 | Swamp:3  | Got an agate-encrusted ring mail
 41634 | Swamp:3  | Identified the +1 ring mail of the Several Coins {Int+4
                  | Dex-2 Stlth+} (You found it on level 3 of the Swamp)
 41686 | Swamp:3  | Found a runed door.
 42857 | Swamp:3  | Found the +5 scythe "Finisher" {speed, eviscerate}
 42941 | Swamp:4  | Entered Level 4 of the Swamp
 43301 | Swamp:4  | Noticed the 27-headed Lernaean hydra
 43327 | Swamp:4  | Killed the 27-headed Lernaean hydra
 43443 | Swamp:4  | Received a gift from Okawaru
 43512 | Swamp:4  | Got an ancient plate armour {god gift}
 43650 | Swamp:4  | Identified the +1 plate armour of Okawaru's Hope {rC++
                  | Int+7} (Okawaru gifted it to you on level 4 of the Swamp)
 43804 | Swamp:4  | Reached skill level 10 in Invocations
 43892 | Swamp:4  | Upgraded the game from 0.23-a0-550-g7de1f8e to
                  | 0.23-a0-554-gd3cbc84
 44586 | Swamp:4  | Got a decaying rune of Zot
 44938 | Elf:1    | Entered Level 1 of the Elven Halls
 45035 | Elf:1    | Found Qonigigy's Gadget Emporium.
 45044 | Elf:1    | Bought a wand of acid (9) for 338 gold pieces
 45044 | Elf:1    | Bought a wand of acid (7) for 286 gold pieces
 45199 | Elf:1    | Identified the Catalogue of Attacks
 46086 | Elf:2    | Reached skill level 21 in Maces & Flails
 46445 | Elf:2    | Received a gift from Okawaru
 46471 | Elf:2    | Found Tymeroc's Gadget Boutique.
 46491 | Elf:2    | Bought a wand of iceblast (10) for 280 gold pieces
 46538 | Elf:2    | Found a huge runed gate.
 46538 | Elf:2    | Found a huge runed gate.
 46538 | Elf:2    | Found a huge runed gate.
 46591 | Elf:2    | Reached XP level 20. HP: 170/170 MP: 27/27
 47731 | Vaults:1 | Entered Level 1 of the Vaults
 48492 | Vaults:1 | Received a gift from Okawaru
 48677 | Vaults:1 | Got a scorched hat
 48688 | Vaults:1 | Identified the +0 hat "Fiaced" {Str+4} (You acquired it on
                  | level 1 of the Vaults)
 48914 | Vaults:1 | Got a smoking helmet
 48927 | Vaults:1 | Identified the +0 helmet of Tianin {rPois} (You acquired it
                  | on level 1 of the Vaults)
 48996 | Vaults:1 | Noticed Saint Roka
 49023 | Vaults:1 | Killed Saint Roka
 49459 | Vaults:1 | Reached skill level 10 in Evocations
 50224 | Vaults:2 | Found a roughly hewn altar of Beogh.
 50240 | Vaults:2 | Reached XP level 21. HP: 128/177 MP: 27/29
 50341 | Vaults:2 | Received a gift from Okawaru
 50364 | Vaults:2 | Identified the +11 mace "Vuvioqot" {crush, Dex+4 SInv}
                  | (Okawaru gifted it to you on level 2 of the Vaults)
 50473 | Vaults:2 | Reached skill level 15 in Shields
 50507 | Vaults:2 | Identified the Guide on Enthralling Shape Shifting
 52058 | Vaults:3 | Found a staircase to the Crypt.
 52147 | Vaults:3 | Received a gift from Okawaru
 52648 | Vaults:3 | Reached skill level 22 in Maces & Flails
 53375 | Vaults:3 | Received a gift from Okawaru
 54089 | Vaults:4 | Received a gift from Okawaru
 54122 | Vaults:4 | Reached XP level 22. HP: 30/187 MP: 6/30
 54526 | Vaults:4 | Got a translucent cloak {god gift}
 54540 | Vaults:4 | Identified the +0 cloak "Haffaps" {Slay+6} (Okawaru gifted
                  | it to you on level 4 of the Vaults)
 55656 | Depths:1 | Entered Level 1 of the Depths
 56074 | Depths:1 | Learned a level 3 spell: Regeneration
 56351 | Depths:1 | Reached skill level 1 in Spellcasting
 56353 | Depths:1 | Reached skill level 1 in Charms
 56495 | Depths:1 | Found a gateway to Hell.
 56596 | Depths:1 | Found a large runed door.
 56596 | Depths:1 | Found a large runed door.
 56600 | Depths:1 | Noticed Gupsidadd's ghost (veteran MiBe)
 57032 | Depths:2 | Found Nevvux's Jewellery Shoppe.
 57054 | Depths:2 | Found Atupsox's Jewellery Boutique.
 57096 | Depths:2 | Reached skill level 1 in Necromancy
 57135 | Depths:2 | Found Jasug's Weapon Boutique.
 57220 | Depths:2 | Found Wasuzuischy's General Store.
 57276 | Depths:2 | Received a gift from Okawaru
 57277 | Depths:2 | Found Jodiluut's Book Emporium.
 57842 | Depths:2 | Found a gateway to a ziggurat.
 58450 | Depths:2 | Noticed a caustic shrike
 58462 | Depths:2 | Killed a caustic shrike
 58717 | Depths:2 | Received a gift from Okawaru
 58720 | Depths:2 | Got a distressingly furry helmet {god gift}
 58720 | Depths:2 | Identified the amulet "Joasik" {RegenMP rC+ Int+6}
 58734 | Depths:2 | Identified the +0 helmet of Lifelessness {-Tele +Fly rPois
                  | Slay+3} (Okawaru gifted it to you on level 2 of the Depths)
 59034 | Depths:2 | Reached XP level 23. HP: 195/195 MP: 32/32
 59813 | Depths:2 | Reached skill level 23 in Maces & Flails
 60428 | Depths:3 | Identified Liapeof's Guide on Glamour and Shape Shifting
 60453 | Depths:3 | Identified Nosu's Almanac of Mutagenic Displacement
 60617 | Depths:3 | Reached skill level 5 in Charms
 61087 | D:10     | Bought a scroll of brand weapon for 220 gold pieces
 61533 | Depths:3 | Found a one-way gate leading to the halls of Pandemonium.
 61601 | Depths:3 | Noticed a caustic shrike
 61604 | Depths:3 | Noticed Jawreze's ghost (veteran TrHu)
 61605 | Depths:3 | Found a transporter.
 61619 | Depths:3 | Found a transporter.
 61923 | Depths:3 | Identified the +4 scale mail of Complete Protection {*Slow
                  | rElec rPois rN+} (You found it on level 3 of the Depths)
 62284 | D:7      | Killed Thaneod's ghost
 62579 | Depths:1 | Killed Gupsidadd's ghost
 62702 | Depths:4 | Found a one-way gate to the infinite horrors of the Abyss.
 62749 | Depths:4 | Noticed a golden dragon
 62755 | Depths:4 | Reached skill level 5 in Spellcasting
 62786 | Depths:4 | Received a gift from Okawaru
 62801 | Depths:4 | HP: 8/196 [golden dragon/bolt of cold (61)]
 62802 | Depths:4 | Slain by a golden dragon

Vault maps used:
D:1:      minmay_arrival_cross
D:2:      nicolae_overflow_crystal_walls, uniq_robin
D:3:      minmay_door_path, kiku_gazebo_garden_becter, elyvilon_altar_3,
          marbit_many_paths, uniq_sigmund
D:4:      kb_xom_exploding_sheep, tso_metal_star, old_standard_altar,
          first_ration, serial_forest, infiniplex_forest_split,
          infiniplex_forest_end_3, infiniplex_forest_clump_tiny,
          infiniplex_forest_end_2
D:5:      gammafunk_temple_overflow_arena, lemuel_zombie_altar_yredelemnul,
          lightli_sewer_entry_pipes
D:6:      gammafunk_temple_overflow_pools, serial_shops, shop,
          nicolae_lava_and_water, minivault_5, uniq_eustachio, uniq_duvessa,
          uniq_menkaure, uniq_blork_the_orc
D:7:      minmay_temple_entry_gardened_gates, ebering_ghost_reflecting_pool,
          basic_altar, grunt_ogre_cave, grunt_ministairs_5, grunt_qazlal_clouds
D:8:      erik_lair_orcish_takeover, uniq_joseph, uniq_harold,
          uniq_prince_ribbit1
D:9:      minmay_klotski, dancing_weapons_uskayaw, kennysheep_path_1
D:10:     serial_shops, shop
D:11:     gauntlet_entry_generic, kennysheep_generic_room_4
D:12:     kennysheep_seaside_town, minmay_orc_entry_guard_dogs,
          portal_ice_cave_entry_pillars_1
D:13:     grunt_vaults_entry_fortified, minivault_16
D:14:     nicolae_two_hexagons, lemuel_flamethrower_2
D:15:     grunt_enter_depths_snipers, serial_shops,
          nicolae_shop_overgrown_old_shop, grunt_dithmenos_shadows, door_vault
Temple:   zaba_magenta_temple
Lair:1:   wad_woods_structure_01
Lair:2:   grunt_megastairs_3, infiniplex_staircase_pool
Lair:3:   minmay_swamp_entry_reptiles, nicolae_spider_entry_non_spiders,
          minivault_19, beast_lair_carwin_4
Lair:4:   basic_altar, minmay_lair_oklob_bushes, pf_torpor_hydra
Lair:5:   beast_lair_carwin_1
Lair:6:   minmay_lair_end_frog_pond, dpeg_slime_entry_corner,
          maelrawn_ghost_gauntlet_escape
Swamp:1:  lemuel_altar_in_water, swamp_pool3
Swamp:2:  evilmike_swamp_ruin_house_1
Swamp:3:  gammafunk_mikee_crab_dinner, evilmike_swamp_ruin_house_2, swamp_pool1,
          nicolae_swamp_oklob_treasure_island
Swamp:4:  swamp_old_school, swamp_pool1, hangedman_swamp_lotus
Spider:2: nicolae_spider_cling_halls, nicolae_spider_cling_ruins
Spider:3: cheibrodos_forgotten_conduit
Spider:4: guppyfry_spider_rune, uniq_kirke
Orc:1:    nicolae_orc_accident_3, ebering_ghost_xom, basic_altar,
          library_closet, elf_legates
Orc:2:    st_orc_elflike, sword_in_stone
Elf:1:    elf_arrival_001, serial_shops, shop, minmay_elf_annihilation,
          minivault_20
Elf:2:    serial_shops, shop
Vaults:1: ontoclasm_vaults_idyll, nicolae_vaults_network_star, v_rooms_3,
          vaults_dpeg_ring, nicolae_vaults_mini_display_case, uniq_saint_roka
Vaults:2: v_rooms_6, special_room_vaults, vaults_dpeg_cross,
          hangedman_vaults_trim, nicolae_vaults_little_squares_1,
          ontoclasm_vaults_ring_square, v_alt_pattern_5, vaults_mumra_minichess,
          v_misc_29, ontoclasm_vaults_decontamination,
          nicolae_vaults_little_squares_6, v_misc_29, vaults_room_pools,
          vaults_dpeg_hooks
Vaults:3: grunt_vaults_trifunnel, v_misc_11, ontoclasm_vaults_fault,
          minmay_crypt_entry_simple_corners, ontoclasm_vaults_pinch,
          nicolae_vaults_big_ls, v_misc_22, v_misc_17
Vaults:4: v_misc_8, v_misc_11, nicolae_vaults_border_crossing,
          vaults_standard_mumra_enter_the_diamond, ontoclasm_vaults_idyll,
          v_misc_27, hangedman_vaults_snaps, vaults_room_grunt_arrival_ludios,
          ontoclasm_vaults_shout
Depths:1: ebering_ghost_disaster_area, serial_rivers,
          chequers_serial_rivers_small_3, chequers_serial_rivers_small_b,
          chequers_serial_rivers_micro_e, chequers_serial_rivers_micro_e,
          chequers_serial_rivers_small_3, hell_entry, grunt_decor_arrowhead,
          minmay_protected_statue
Depths:2: kennysheep_large_spiral, enter_ziggurat_e, hangedman_decor_growths,
          hell_entry, serial_shops, shop, nicolae_shop_stone,
          nicolae_shop_behind_doors, nicolae_shop_behind_doors,
          nicolae_shop_trees, spider_trap, ice2_lemuel
Depths:3: minmay_the_grid_net, grunt_pan_entry_in_and_out,
          gammafunk_ghost_arena, serial_bayou_pond_e, hangedman_geh_valley,
          patterned_corridor, serial_bayou_shore_a
Depths:4: hangedman_arch_fort, muffindrake_ghost_three_little_ghosts,
          hell_entry, abyss_entry, serial_corexii_hall, corexii_hall_statues_l,
          chequers_hall_statues_y, hangedman_corner_corridor, uniq_enchantress
IceCv:    ice_cave_small_giant
Gauntlet: gammafunk_gauntlet_hard_choice

Skill      XL: |  1  2  3  4  5  6  7  8  9 10 11 12 13 14 15 16 17 18 19 20 21 22 23 |
---------------+----------------------------------------------------------------------+-----
Maces & Flails | 4 5 6 7 8 10 12 14 15 16 17 18 19 20 21 22 23 | 23.2
Fighting       | 3 4 5 6 7 9 10 11 12 14 15 16 17 18 19 | 19.9
Dodging        | 1 2 3 4 5 6 7 |  7.1
Armour         | 3 4 6 7 8 10 11 13 14 15 16 17 | 17.7
Shields        | 2 3 4 5 8 10 12 13 14 15 16 17 | 17.4
Throwing       | 1 2 3 4 5 |  5.7
Evocations     | 1 4 6 8 10 11 | 11.7
Invocations    | 3 5 6 7 9 10 11 12 | 12.0
Spellcasting   | 3 5 |  5.1
Charms         | 3 5 |  5.4
Necromancy     | 2 4 |  4.3
Short Blades   | |  0.7
Staves         | |  2.1
Stealth        | |  1.0

Action                   |  1- 3 |  4- 6 |  7- 9 | 10-12 | 13-15 | 16-18 | 19-21 | 22-24 || total
-------------------------+-------+-------+-------+-------+-------+-------+-------+-------++-------
Melee: Mace              |   135 |   297 |   637 |   170 |       |       |    67 |       ||  1306
       Whip              |       |       |   110 |   922 |   565 |       |       |       ||  1597
       Dagger            |       |       |    55 |       |       |       |       |       ||    55
       Flail             |       |       |       |       |  1576 |   564 |       |       ||  2140
       Demon whip        |       |       |       |       |       |  1347 |  1969 |   890 ||  4206
       Eveningstar       |       |       |       |       |       |       |       |   181 ||   181
Throw: Tomahawk          |       |       |     6 |     9 |     8 |       |       |       ||    23
       Javelin           |       |       |       |     6 |    30 |    93 |     3 |     3 ||   135
       Throwing net      |       |       |       |     1 |     2 |     3 |       |       ||     6
Invok: Heroism           |       |       |       |     5 |     2 |     3 |     1 |     1 ||    12
       Finesse           |       |       |       |       |     1 |       |     1 |       ||     2
 Abil: Hop               |       |     1 |       |       |     2 |     1 |       |     1 ||     5
Evoke: Wand              |       |       |       |     7 |     8 |     8 |     3 |     2 ||    28
  Use: Scroll            |       |     3 |     6 |    14 |     5 |    19 |     9 |    13 ||    69
       Potion            |       |     1 |     8 |     5 |     1 |     3 |     1 |     2 ||    21
 Stab: Invisible         |       |       |       |     6 |       |       |       |       ||     6
       Petrified         |       |       |       |       |     3 |       |       |       ||     3
  Eat: Chunk             |       |    13 |    17 |    26 |    40 |    41 |    44 |    24 ||   205
       Ration            |       |       |       |     1 |     1 |     1 |     1 |     2 ||     6
Armor: Scale mail        |   105 |   100 |   454 |    62 |       |       |       |       ||   721
       Plate armour      |       |       |       |   477 |   744 |   837 |   590 |   234 ||  2882
Dodge: Dodged            |    65 |    96 |   391 |   247 |   397 |   373 |   319 |   174 ||  2062
Block: Buckler           |    32 |    32 |   169 |   307 |   413 |       |       |       ||   953
       Reflection        |       |       |       |     1 |    17 |    43 |       |       ||    61
       Large shield      |       |       |       |       |  1738 |  1934 |  1439 |   772 ||  5883

Table legend:
 A = Non-vault XP
 B = Vault XP
 C = Vault XP percentage of total XP
 D = Non-vault monster count
 E = Vault monster count
 F = Vault count percentage of total count
                 A         B        C        D         E       F
            +---------+---------+-------+---------+---------+-------
      Total |  412676 |  373741 |  47.5 |    1184 |     700 |  37.2
            +---------+---------+-------+---------+---------+-------
        D:1 |      39 |       0 |   0.0 |      18 |       0 |   0.0
        D:2 |      56 |      33 |  37.1 |      15 |      11 |  42.3
        D:3 |     110 |     233 |  67.9 |      24 |       5 |  17.2
        D:4 |     613 |      13 |   2.1 |      19 |       1 |   5.0
        D:5 |     667 |      77 |  10.3 |      26 |      11 |  29.7
        D:6 |    1036 |     691 |  40.0 |      25 |       5 |  16.7
        D:7 |    1344 |     953 |  41.5 |      22 |       7 |  24.1
        D:8 |     805 |    2307 |  74.1 |      15 |      10 |  40.0
        D:9 |    1611 |    5254 |  76.5 |      18 |      18 |  50.0
       D:10 |    3250 |       0 |   0.0 |      28 |       0 |   0.0
       D:11 |    4844 |       0 |   0.0 |      40 |       0 |   0.0
       D:12 |    6860 |    2197 |  24.3 |      32 |      28 |  46.7
       D:13 |    4133 |    8118 |  66.3 |      19 |      10 |  34.5
       D:14 |   12739 |    2037 |  13.8 |      29 |       1 |   3.3
       D:15 |   17023 |   21063 |  55.3 |      48 |      19 |  28.4
     Lair:1 |    6553 |    2513 |  27.7 |      23 |       7 |  23.3
     Lair:2 |    2957 |    2221 |  42.9 |      13 |       5 |  27.8
     Lair:3 |    4297 |     821 |  16.0 |      22 |      13 |  37.1
     Lair:4 |    2620 |    1907 |  42.1 |      10 |       3 |  23.1
     Lair:5 |    5506 |    5549 |  50.2 |      16 |      14 |  46.7
     Lair:6 |   10218 |   14809 |  59.2 |      31 |      50 |  61.7
    Swamp:1 |   14675 |       0 |   0.0 |      39 |       0 |   0.0
    Swamp:2 |    7799 |       0 |   0.0 |      24 |       0 |   0.0
    Swamp:3 |   18114 |   10564 |  36.8 |      52 |      16 |  23.5
    Swamp:4 |   13379 |   17063 |  56.1 |      34 |      23 |  40.4
   Spider:1 |   12917 |       0 |   0.0 |      36 |       0 |   0.0
   Spider:2 |   17151 |    1523 |   8.2 |      43 |       2 |   4.4
   Spider:3 |    8576 |    3807 |  30.7 |      20 |       8 |  28.6
   Spider:4 |   14253 |   28535 |  66.7 |      40 |      47 |  54.0
      Orc:1 |    3523 |   13019 |  78.7 |      24 |      29 |  54.7
      Orc:2 |    3212 |    8222 |  71.9 |      41 |      25 |  37.9
      Elf:1 |   10301 |    9266 |  47.4 |      15 |      14 |  48.3
      Elf:2 |   11965 |   24818 |  67.5 |      20 |      30 |  60.0
   Vaults:1 |   39624 |   19519 |  33.0 |      65 |      37 |  36.3
   Vaults:2 |   10041 |   19152 |  65.6 |      23 |      57 |  71.2
   Vaults:3 |   28119 |   26677 |  48.7 |      49 |      38 |  43.7
   Vaults:4 |   13784 |   37907 |  73.3 |      25 |      53 |  67.9
   Depths:1 |   26164 |    7504 |  22.3 |      39 |       2 |   4.9
   Depths:2 |   42449 |   30483 |  41.8 |      67 |      32 |  32.3
   Depths:3 |   22483 |   28891 |  56.2 |      29 |      27 |  48.2
   Depths:4 |    6866 |    2556 |  27.1 |       6 |       2 |  25.0
      IceCv |       0 |    9561 | 100.0 |       0 |      36 | 100.0
   Gauntlet |       0 |    3878 | 100.0 |       0 |       4 | 100.0
            +---------+---------+-------+---------+---------+-------
